 Dungeon Crawl Stone Soup version 0.22-a0-580-gd5db89c (webtiles) character file.

5956 Darkshadow the Basher (level 10, -22/65 HPs)
             Began as a Gargoyle Fighter on July 1, 2018.
             Was a High Priest of Okawaru.
             Killed from afar by Erolcha (34 damage)
             ... with a crystal spear
             ... on level 9 of the Dungeon.
             The game lasted 00:36:34 (10402 turns).

Darkshadow the Basher (Gargoyle Fighter)           Turns: 10402, Time: 00:36:35

Health: -22/65     AC: 21    Str: 25    XL:     10   Next: 84%
Magic:  14/14      EV:  6    Int:  9    God:    Okawaru [*****.]
Gold:   479        SH: 15    Dex: 12    Spells: 9/9 levels left

rFire    . . .     SeeInvis .   M - +9 flail "Reunk" {crush, *Rage +Blink rN+ Str+5}
rCold    . . .     Gourm    .   c - +0 shield
rNeg     + + .     Faith    .   h - +0 chain mail
rPois    ∞         Spirit   .   k - +0 helmet
rElec    +         Reflect  +   (no cloak)
rCorr    .         Harm     .   (no gloves)
MR       .....     Rnd*Rage +   (no boots)
Stlth    ..........             r - +5 amulet of reflection
HPRegen  0.20/turn              J - ring of stealth
MPRegen  0.14/turn              A - +2 ring of protection

@: no status effects
A: negative energy resistance 1, electricity resistance, unbreathing,
petrification resistance, rot immunity, AC +7
a: Heroism, Finesse, Renounce Religion, Evoke Blink


You were on level 9 of the Dungeon.
You worshipped Okawaru.
Okawaru was extremely pleased with you.
You were hungry.

You visited 2 branches of the dungeon, and saw 10 of its levels.

You collected 479 gold pieces.

Inventory:

Hand Weapons
 v - a +0 flail of crushing
 y - a +0 morningstar
 G - a +0 hand crossbow
 M - the +9 flail "Reunk" (weapon) {crush, *Rage +Blink rN+ Str+5}
   (You found it on level 7 of the Dungeon)

   It inflicts extra damage upon your enemies.
   It affects your strength (+5).
   It protects you from negative energy.
   It lets you blink.
   It may make you go berserk in combat.
Missiles
 e - 293 stones (quivered)
 H - 24 bolts
Armour
 b - a +0 scale mail
 c - a +0 shield (worn)
 h - a +0 chain mail (worn)
 k - a +0 helmet (worn)
Jewellery
 r - a +5 amulet of reflection (around neck)
 A - a +2 ring of protection (right hand)
 I - an uncursed amulet of the acrobat {unknown}
 J - a ring of stealth (left hand)
Wands
 a - a wand of polymorph (8)
 z - a wand of paralysis (14)
Scrolls
 g - 3 scrolls of remove curse {@r2}
 i - 5 scrolls of blinking
 q - a scroll of enchant weapon {unknown}
 s - a scroll of teleportation {unknown}
 t - 2 scrolls of magic mapping
 x - a scroll of fear
 B - a scroll of enchant armour {unknown}
 C - 4 scrolls of identify {@r1}
 L - 3 scrolls of fog
Potions
 d - 6 potions of might
 j - a potion of invisibility
 l - a potion of agility
 m - 2 potions of lignification
 n - 2 potions of ambrosia
 o - 2 potions of flight
 p - 3 potions of curing {@q1}
 u - a potion of heal wounds
 w - a potion of berserk rage {unknown}
 D - 2 potions of haste
 E - 2 potions of mutation
 F - 2 potions of magic
Comestibles
 f - 18 rations


   Skills:
 + Level 8.7 Fighting
 * Level 10.4 Maces & Flails
 + Level 8.6 Armour
 - Level 4.6 Shields
 + Level 6.3 Invocations


You had 9 spell levels left.
You didn't know any spells.
Your spell library contained the following spells:

 Spells                   Type           Power        Failure   Level  Hunger
 Spider Form              Tmut/Pois      #.........   100%        3    ####...
 Blade Hands              Tmut           #.........   100%        5    ######.
 Ice Form                 Ice/Tmut       #.......     100%        4    #####..
 Sticks to Snakes         Tmut           #.......     100%        2    ###....
 Beastly Appendage        Tmut           #.....       100%        1    ##.....


Dungeon Overview and Level Annotations

Branches:
Dungeon (9/15)             Temple (1/1) D:4            Lair (0/6) D:9
    Orc: D:9-12

Altars:
Ashenzari
Cheibriados
Dithmenos
Elyvilon
Fedhas
Gozag
Hepliaklqana
Kikubaaqudgha
Makhleb
Nemelex Xobeh
Okawaru
Qazlal
Ru
Sif Muna
Trog
Uskayaw
Vehumet
Wu Jian
Xom
Yredelemnul
Zin
The Shining One

Shops:
D:8 %

Annotations:
D:4 3 runed doors, Azzur's ghost, amateur FoAM
D:8 2 transporters
D:9 Erolcha


Innate Abilities, Weirdness & Mutations

You are resistant to torment.
Your stone body is resilient. (AC +7)
You are immune to poison.
You resist negative energy. (rN+)
You are resistant to electric shocks. (rElec)
You can survive without breathing.
You are immune to petrification.
You are immune to rotting.


Message History

A rock wall.
There is a glowing golden altar of the Shining One here.
Erolcha mumbles some strange words.
Erolcha seems to speed up.
Erolcha gestures at you while chanting. You resist with some effort.
You see here a jackal corpse.
Erolcha screams, "Erolcha happy to kill you!"
Erolcha casts a spell at you. The crystal spear hits you!
Erolcha points at you and mumbles some strange words.
The crystal spear reflects off an invisible shield around you!
The crystal spear hits Erolcha.
Erolcha gestures at you while chanting. The crystal spear hits you!
* * * LOW HITPOINT WARNING * * *
Erolcha points at you and mumbles some strange words.
The crystal spear hits you!
Ouch! That really hurt!
You die...

....... .......
....... ####+## .# #.#
## .###.# <# ...#.#
#######.#### .....#
#..........# ≈≈...####
#.....@....# ≈≈≈.....#
#..........#
♣≈≈..##.###..........#
≈≈≈..##........O.....#
≈≈...♣#####..........#
....♣♣ #..........#
...♣♣ #..........# ..♣
#..........# ..
###†.#######


You could see Erolcha.

Vanquished Creatures
  2 two-headed ogres
  A troll (D:8)
  Grinder (D:6)
  A hippogriff (D:7)
  A wyvern (D:8)
  A human (D:7)
  4 hogs
  A water moccasin (D:5)
  2 hell hounds (D:9)
  2 sky beasts
  An ice beast (D:7)
  2 ogres
  4 centaurs
  A crocodile (D:7)
  A wyvern zombie (D:7)
  A gnoll sergeant (D:8)
  4 scorpions
  A water moccasin skeleton (D:6)
  3 wights (D:7)
  A centaur zombie (D:5)
  3 crimson imps
  3 bullfrog zombies
  A quasit (D:8)
  A bullfrog skeleton (D:8)
  5 jellies
  4 orc priests
  2 hounds (D:8)
  9 orc wizards
  An iguana (D:4)
  8 worker ants
  A hound skeleton (D:5)
  2 worker ant zombies
  Robin (D:4)
  14 adders
  10 gnolls
  2 shadow imps
  6 adder skeletons
  An adder zombie (D:6)
  5 worms
  6 dart slugs
  7 leopard geckos
  26 orcs
  17 bats
  A bat skeleton (D:2)
  5 giant cockroaches
  15 goblins
  6 hobgoblins
  13 jackals
  17 kobolds
  3 quokkas
  2 ball pythons
  4 frilled lizards
  A jackal skeleton (D:7)
  A jackal zombie (D:7)
  A leopard gecko zombie (D:8)
  2 quokka skeletons
  A quokka zombie (D:2)
  7 rats
249 creatures vanquished.

Notes
Turn   | Place    | Note
-------+----------+-------------------------------------------
     0 | D:1      | Darkshadow the Gargoyle Fighter began the quest for the Orb.
     0 | D:1      | Reached XP level 1. HP: 14/14 MP: 1/1
   152 | D:1      | Reached XP level 2. HP: 16/19 MP: 2/2
   662 | D:1      | Reached XP level 3. HP: 22/23 MP: 3/3
  1180 | D:2      | Reached skill level 3 in Maces & Flails
  1180 | D:2      | Reached XP level 4. HP: 18/29 MP: 4/4
  1546 | D:2      | Reached XP level 5. HP: 28/33 MP: 5/5
  2445 | D:3      | Reached skill level 4 in Maces & Flails
  3209 | D:3      | Reached XP level 6. HP: 39/39 MP: 6/6
  3546 | D:4      | Found a staircase to the Ecumenical Temple.
  3557 | Temple   | Entered the Ecumenical Temple
  3661 | D:4      | Found an ancient bone altar of Kikubaaqudgha.
  3665 | D:4      | Found a hazy altar of Hepliaklqana.
  3665 | D:4      | Found a radiant altar of Vehumet.
  3665 | D:4      | Found a stormy altar of Qazlal.
  3665 | D:4      | Found an iron altar of Okawaru.
  3919 | D:4      | Became a worshipper of Warmaster Okawaru
  4009 | D:4      | Found a runed gate.
  4009 | D:4      | Found a runed gate.
  4009 | D:4      | Found a runed gate.
  4065 | D:4      | Noticed Robin
  4140 | D:4      | Killed Robin
  4602 | D:4      | Noticed Azzur's ghost (amateur FoAM)
  4603 | D:4      | Noticed an ice beast
  4625 | D:4      | Found a shadowy altar of Dithmenos.
  4660 | D:4      | Reached skill level 5 in Maces & Flails
  4660 | D:4      | Reached XP level 7. HP: 26/44 MP: 7/7
  5131 | D:5      | Entered Level 5 of the Dungeon
  5137 | D:5      | Found a white marble altar of Elyvilon.
  5165 | D:5      | Found an opulent altar of Gozag.
  5170 | D:5      | Reached skill level 5 in Fighting
  5233 | D:5      | Reached skill level 5 in Armour
  5581 | D:5      | Reached * piety under Okawaru
  5581 | D:5      | Reached skill level 6 in Maces & Flails
  5589 | D:5      | Reached XP level 8. HP: 44/50 MP: 8/8
  5931 | D:5      | Reached skill level 1 in Invocations
  6589 | D:6      | Found a glowing silver altar of Zin.
  6604 | D:6      | Noticed Grinder
  6623 | D:6      | Killed Grinder
  6623 | D:6      | Reached skill level 7 in Maces & Flails
  6732 | D:6      | Reached ** piety under Okawaru
  7064 | D:6      | Reached XP level 9. HP: 42/56 MP: 11/11
  7616 | D:6      | HP: 2/56 [hog (7)]
  7633 | D:6      | Reached skill level 8 in Maces & Flails
  7904 | D:7      | Got a scorched flail
  7916 | D:7      | Identified the +9 flail "Reunk" {crush, *Rage +Blink rN+ Str+5} (You found it on level 7 of the Dungeon)
  8130 | D:7      | Reached *** piety under Okawaru
  8532 | D:7      | Reached skill level 9 in Maces & Flails
  8812 | D:8      | Reached XP level 10. HP: 64/64 MP: 13/13
  8814 | D:8      | Found a transporter.
  8830 | D:8      | Reached skill level 5 in Invocations
  8900 | D:8      | Noticed a two-headed ogre
  8957 | D:7      | Killed a two-headed ogre
  8957 | D:7      | Reached **** piety under Okawaru
  9128 | D:8      | Noticed a two-headed ogre
  9135 | D:8      | Killed a two-headed ogre
  9135 | D:8      | Reached skill level 10 in Maces & Flails
  9162 | D:8      | Found Zinah's Food Shoppe.
  9176 | D:8      | Reached ***** piety under Okawaru
  9298 | D:8      | Found a transporter.
  9972 | D:9      | Found a staircase to the Lair.
 10236 | D:9      | Found a bloodstained altar of Trog.
 10354 | D:9      | Found a glowing golden altar of the Shining One.
 10379 | D:9      | Noticed Erolcha
 10402 | D:9      | Killed from afar by Erolcha

Vault maps used:
D:1:      dpeg_arrival_chase
D:2:      serial_undead, serial_undead_d, serial_undead_f, serial_undead_b,
          serial_undead_c, serial_undead_b, serial_undead_f
D:4:      grunt_dithmenos_shadows, grunt_temple_overflow_open,
          minmay_temple_entry_statues, first_ration, gammafunk_ghost_icy,
          uniq_robin
D:5:      lemuel_round_altar, basic_altar
D:6:      old_standard_altar, uniq_grinder
D:7:      grunt_livestock
D:8:      gammafunk_cloud_chamber, serial_glass, glass_columns_a,
          glass_columns_b, glass_columns_a, glass_columns_a, serial_shops, shop,
          minmay_tree_intersection, st_stairs_5, kennysheep_generic_room_3
D:9:      elyvilon_altar_3, minmay_lair_entry_lava, basic_altar,
          grunt_ministairs_11, trog_three_pillars_becter, uniq_erolcha
Temple:   cyrus_circular_temple

Skill      XL: |  1  2  3  4  5  6  7  8  9 10 |
---------------+-------------------------------+-----
Maces & Flails | 3 4 5 6 7 9 10 | 10.4
Armour         | 4 5 6 7 8 |  8.6
Shields        | 4 |  4.6
Fighting       | 4 5 6 7 8 |  8.7
Invocations    | 3 4 6 |  6.3

Action                   |  1- 3 |  4- 6 |  7- 9 | 10-12 || total
-------------------------+-------+-------+-------+-------++-------
Melee: Flail             |   137 |   391 |   366 |   121 ||  1015
Throw: Stone             |    16 |       |     4 |       ||    20
Invok: Heroism           |       |       |     3 |     2 ||     5
  Use: Scroll            |       |     4 |     7 |     4 ||    15
       Potion            |       |       |     1 |       ||     1
  Eat: Chunk             |     1 |     9 |     6 |     5 ||    21
       Ration            |       |     1 |     2 |       ||     3
Armor: Scale mail        |    33 |       |       |       ||    33
       Chain mail        |    60 |   258 |   190 |    39 ||   547
Dodge: Dodged            |    44 |    85 |    81 |    20 ||   230
Block: Shield            |    83 |   222 |   246 |    75 ||   626
       Reflection        |       |       |     2 |     3 ||     5

Table legend:
 A = Spawn XP
 B = Non-spawn XP
 C = Spawn XP percentage of total XP
 D = Spawn monster count
 E = Non-spawn monster count
 F = Spawn count percentage of total count
 G = Total turns spent on level
                    A         B        C        D         E        F      G
               +---------+---------+-------+---------+---------+-------+---------
         Total |       0 |    8509 |   0.0 |       0 |     249 |   0.0 | 10402
               +---------+---------+-------+---------+---------+-------+---------
           D:1 |       0 |      47 |   0.0 |       0 |      26 |   0.0 |  1114
           D:2 |       0 |     187 |   0.0 |       0 |      39 |   0.0 |  1160
           D:3 |       0 |      90 |   0.0 |       0 |      25 |   0.0 |  1234
           D:4 |       0 |     367 |   0.0 |       0 |      32 |   0.0 |  1701
           D:5 |       0 |     920 |   0.0 |       0 |      26 |   0.0 |  1316
           D:6 |       0 |    1073 |   0.0 |       0 |      21 |   0.0 |  1173
           D:7 |       0 |    2743 |   0.0 |       0 |      34 |   0.0 |  1054
           D:8 |       0 |    2320 |   0.0 |       0 |      30 |   0.0 |   889
           D:9 |       0 |     762 |   0.0 |       0 |      16 |   0.0 |   696
               +---------+---------+-------+---------+---------+-------+---------
